 Dungeon Crawl Stone Soup version 0.31.0-9-g3a7656b989 (console) character file.

Game seed: 14843260759846652952

21 AlterAsc the Ruffian (level 2, -5/18 HPs)
             Began as an Octopode Shapeshifter on Jan 28, 2024.
             Slain by Terence
             ... wielding a +0 mace
              (9 damage)
             ... on level 2 of the Dungeon.
             The game lasted 00:00:56 (675 turns).

AlterAsc the Ruffian (Octopode Shapeshifter)         Turns: 675, Time: 00:00:58

Health: -5/18      AC:  1    Str: 13    XL:     2   Next: 83%
Magic:  0/2        EV: 13    Int: 12    God:
Gold:   30         SH:  0    Dex: 11    Spells: 1/1 levels left

rFire   . .          .
                       - Unarmed
rCold   . . .        (no shield)
rNeg    . . .        (helmet currently unavailable)
rPois   .            g - amulet of guardian spirit
rElec   .            (no ring)
rCorr   .            (no ring)
SInv    .            (no ring)
Will    .....        (no ring)
Stlth   ++           (no ring)
HPRegen 0.23/turn    (no ring)
MPRegen 0.08/turn    (no ring)
                     (no ring)

%: guardian spirit
@: beast-form
A: beast (slay +1), almost no armour, amphibious, 8 rings, camouflage 1,
gelatinous body 1, (nimble swimmer 1), tentacles
a: Begin Untransformation


You were on level 2 of the Dungeon.
You were a hulking beast.
You visited 1 branch of the dungeon, and saw 2 of its levels.

You collected 30 gold pieces.

Inventory:

Missiles
 d - 10 stones (quivered)
 j - 2 poisoned darts
Jewellery
 g - an amulet of guardian spirit (around mantle)
Talismans
 b - a beast talisman
 c - a flux talisman
Scrolls
 f - a scroll of identify {unknown}
 i - a scroll of enchant weapon {unknown}
Potions
 a - a potion of lignification
 e - 2 potions of mutation {unknown}
 h - a potion of haste {unknown}


   Skills:
 - Level 1.0 Fighting
 - Level 2.0 Dodging
 + Level 4.0 Unarmed Combat
 - Level 3.0 Shapeshifting


You had one spell level left.
You didn't know any spells.
Your spell library was empty.

Dungeon Overview and Level Annotations

Branches:
Dungeon (2/15)

Altars:

Annotations:
D:2 Terence


Innate Abilities, Weirdness & Mutations

You are a hulking beast.
Your limbs bulge with bestial killing power. (Slay +1)
You cannot wear most types of armour.
You are amphibious.
You can wear up to eight rings at the same time.
Your skin changes colour to match your surroundings (Stealth+).
Your rubbery body absorbs attacks. (AC +1, EV +1)
((You are camouflaged when in or above water. (Stealth+)))
You have tentacles for arms and can constrict up to eight enemies at once.


Message History

Your Unarmed Combat skill increases to level 4!
No target in view!
Found a stone staircase leading down.
There is a stone staircase leading down here.
You now have 30 gold pieces (gained 6).
You see here a +0 robe.
You see here a +0 dagger.
A rat comes into view.
A rat is nearby!
You tentacle-slap the rat.
You kill the rat!
No target in view!
Done exploring.
Done exploring.
(D) Dungeon
Where to? (? - help)
There is a stone staircase leading down here.
You climb downwards.
Found a stone staircase leading down.
There is a stone staircase leading up here.
There is a stone staircase leading down here.
Terence the Incautious comes into view.
He is wielding a +0 mace.
Terence is nearby!
Terence shouts!
You barely miss Terence. Your grab misses Terence. You completely miss Terence.
Your grab misses Terence. Terence hits you with a +0 mace!
You tentacle-slap Terence. You grab Terence. You squeeze Terence.
Terence is moderately wounded.
You constrict Terence. Terence hits you with a +0 mace!
* * * LOW HITPOINT WARNING * * *
You are too injured to fight recklessly!
Unknown command.
You tentacle-slap Terence but do no damage.
Terence is moderately wounded.
You constrict Terence, but do no damage.
Terence looks scornfully at you. Terence hits you with a +0 mace!
Ouch! That really hurt!
You die...
Terence says, "Time to find some more victims."

#####
.##.######...######
..............#...#
#.....#.##........#
##... #>#####.#...#
##. #..<....#...##
.. ########.....#
.. #....## # #.#.##
#h### #@# ..# ...#
..... ##...# ##..#
##.#


You could see Terence.

Vanquished Creatures
  A dart slug (D:1)
  2 bats (D:1)
  An endoplasm (D:1)
  A giant cockroach (D:1)
  3 hobgoblins (D:1)
  3 goblins (D:1)
  3 kobolds (D:1)
  4 rats (D:1)
18 creatures vanquished.

Notes
Turn   | Place    | Note
-------+----------+-------------------------------------------
     0 | D:1      | AlterAsc the Octopode Shapeshifter began the quest for the
                  | Orb.
     0 | D:1      | Reached XP level 1. HP: 13/13 MP: 1/1
    97 | D:1      | Reached XP level 2. HP: 18/18 MP: 2/2
   513 | D:1      | Reached skill level 4 in Unarmed Combat
   667 | D:2      | Noticed Terence
   675 | D:2      | Slain by Terence

Illustrated notes

Levels and vault maps discovered:
D:1:      lightli_arrival_lavapool, layout_loops_ring
D:2:      layout_loops_corners, shapermc_ecumenical_altar_mp_ritualfount,
          minmay_split_cup_small, uniq_jessica, uniq_terence

Skill      XL: |  1  2 |
---------------+-------+-----
Unarmed Combat | 4 |  4.0
Fighting       | |  1.0
Dodging        | |  2.0
Shapeshifting  | |  3.0

Action                     || total
---------------------------++-------
  Melee: Unarmed           ||    40
         Constrict         ||    12
         Punch             ||     3
         Tentacles         ||     6
   Stab: Sleeping          ||     2
 Armour: Skin              ||    16
  Dodge: Dodged            ||    19
